[Event "Krakow Championship-A 2022"]
[Site "Krakow"]
[Date "2022.06.25"]
[Round "1.1"]
[White "Pechac, Jergus"]
[Black "Liu, Casper"]
[Result "1-0"]
[ECO "D52"]
[WhiteElo "2597"]
[BlackElo "2218"]
[Annotator "TA"]
[PlyCount "127"]
[EventDate "2022.06.25"]
[EventType "swiss"]
[EventCountry "POL"]
[SourceTitle "playchess.com"]
[Source "ChessBase"]
[SourceQuality "1"]
[TimeControl "40/5400+30:1800+30"]

1. Nf3 d5 2. d4 Nf6 3. c4 c6 4. Nc3 e6 5. Bg5 Nbd7 6. e3 Qa5 7. Nd2 Bb4 8. Rc1 {[%emt 0:00:09] D52: Queen's Gambit Declined: Cambridge Springs Variation.} Ne4 9. Ncxe4 dxe4 10. c5 {[%emt 0:00:09] The position is equal.} Qxa2 11. Bc4 (11. Be2 $5 ) 11... Qa5 {[%emt 0:01:28] [#]} 12. O-O $146 ({Predecessor:} 12. Ke2 h6 13. Ra1 Qc7 14. Bf4 e5 15. Bg3 Nxc5 16. dxc5 Bg4+ 17. f3 exf3+ 18. gxf3 {1-0 (58) Vega Gutierrez,S (2375)-Goryachkina,A (2485) Mamaia 2016}) 12... Bxd2 $17 13. Ra1 Qb4 14. Ra4 (14. Qc2 $17 {might work better.} Nxc5 15. dxc5 Qxc5 16. Bf4) 14... Qxb2 $19 15. Ra2 Qb4 16. Be2 Nxc5 $2 17. Rxd2 $2 (17. dxc5 $14 Qxc5 18. h4) 17... Na4 $17 18. Qc2 (18. d5 $17 {was necessary.} Nc3 19. dxe6 (19. dxc6 $2 O-O $17)) 18... Nc3 $19 19. Bg4 (19. Rc1 {is a better defense.} Nxe2+ 20. Rxe2) 19... h5 20. Bd1 f6 21. Bf4 g5 22. Bd6 Qxd6 23. Qxc3 g4 24. Bc2 Qd5 25. Ra1 (25. Bb3 $17 Qd6 26. Bc2) 25... b5 26. Bb3 Qd6 27. Bc2 Qd5 28. Bb3 Qd6 ({Black should play} 28... Qd7 $1 29. Bc2 (29. d5 $2 cxd5 30. Qxf6 Rh7 $17) 29... Qd5) 29. Bc2 $1 $17 b4 30. Qb2 f5 31. Ra5 Bd7 32. d5 (32. Bb3 $17 Rh7 33. Qc1) 32... O-O $2 (32... Rh6 $19 33. Bxe4 exd5 34. Bxd5 Qf6) 33. Bb3 $11 {[%emt 0:00:14] And now dxe6 would win.} cxd5 34. Raxd5 exd5 35. Rxd5 Qf6 36. Rxf5+ $1 Kg7 $1 37. Rxf6 Rxf6 38. Qe5 Bf5 $1 39. Qc7+ Kg6 {[%emt 0:01:13] Hoping for ...Rc8.} 40. Bf7+ Kh6 $1 ({Resist} 40... Rxf7 41. Qc6+ Kg7 42. Qxa8 $16) 41. Qe7 Rb6 42. Qe5 b3 43. f4 $2 (43. Qf4+ $11 Kg7 44. Qg5+ (44. Qxf5 Rf8 $11) 44... Bg6 45. Bxg6 Rxg6 46. Qe5+ Kh6 47. Qf4+ Kh7 48. Qf7+ Kh6 49. Qf4+ Rg5 50. Qf6+ Rg6 51. Qf4+) 43... b2 $17 44. Ba2 Rf8 45. Bb1 Rff6 (45... Bg6 $17 {Strongly threatening ...Kh7.} 46. Kf2 Kh7 47. Qe7+ Rf7) 46. Kf2 $2 {[%emt 0:00:00] [#]} ({Better is} 46. Qe7 $11) 46... h4 $2 (46... Bg6 $1 $17 47. Qa5 Rf7) 47. Qe8 $11 a5 48. Qh8+ Kg6 49. Qg8+ Kh6 50. Qg5+ Kh7 51. Qxh4+ Kg7 52. Qg5+ Kf8 53. Kg3 a4 54. Ba2 Bg6 (54... a3 $1 $15) 55. Qc5+ Kg7 56. Qc7+ Kh6 $2 {[%emt 0:03:33][%mdl 8192] [#]} (56... Kf8 $11) 57. Qd8 $1 $18 {[%emt 0:04:28] Threatens to win with Qh8+. Dancing on a razor blade.} a3 $2 (57... Bh7 $18 58. Kxg4 Kg7) 58. Qh8+ Bh7 59. Bg8 {[%emt 0:00:11][%csl Gg8][%cal Rh8h7] White mates.} Rb7 60. Qxf6+ Bg6 61. Qh8+ Rh7 62. Bxh7 Bxh7 63. Qf6+ Bg6 64. f5 {[%emt 0:00:09] Both players deserved the win here.  Weighted Error Value: White=0.23 (precise) /Black=0.53} 1-0

[Event "Krakow Championship-A 2022"]
[Site "Krakow"]
[Date "2022.06.25"]
[Round "1.2"]
[White "Pniaczek, Marek"]
[Black "Agdestein, Simen"]
[Result "1/2-1/2"]
[ECO "B40"]
[WhiteElo "2298"]
[BlackElo "2559"]
[Annotator "TA"]
[PlyCount "52"]
[EventDate "2022.06.25"]
[EventType "swiss"]
[EventCountry "POL"]
[SourceTitle "playchess.com"]
[Source "ChessBase"]
[SourceQuality "1"]
[TimeControl "40/5400+30:1800+30"]

1. e4 c5 2. Nf3 e6 3. d4 cxd4 4. Nxd4 Nf6 5. Nc3 Bb4 6. e5 Nd5 7. Bd2 Bxc3 8. bxc3 O-O $1 {[%emt 0:00:05] 8...0-0 scores better than 8...Qc7.} 9. c4 {[%emt 0:06:43] B40: Sicilian: 2...e6, Unusual lines.} Ne7 10. Bb4 Nbc6 11. Nxc6 {[%emt 0:00:48] The position is equal.} Nxc6 12. Bd6 Nxe5 {[%emt 0:09:46][%cal Of8e8] [#]} 13. Qd2 $146 (13. c3 $5 f6 14. Bxf8 Qxf8 15. Be2 $14) ({Predecessor:} 13. Bxf8 Qa5+ 14. Qd2 Nf3+ 15. gxf3 Qe5+ 16. Be2 Qxa1+ 17. Bd1 Qe5+ 18. Be2 Kxf8 19. O-O {½-½ (39) Tancsa,T (2092)-Vegh,E (2213) Budapest 2020}) 13... Qf6 {[%emt 0:05:42][%cal Oe5c4] [#] Strongly threatening ...Nxc4!} 14. Rd1 Re8 15. Be2 Nc6 16. O-O b6 17. f4 Ba6 18. Rf3 Rac8 19. c3 Na5 20. Be5 Qe7 21. Rh3 Bxc4 ({Worse is} 21... Qc5+ 22. Bd4 Qe7 23. Qd3 $15) 22. Bf3 (22. Bd6 $17 {might work better.} Qd8 23. Bf3 (23. Qc2 $2 g6 $19)) 22... d5 $19 23. Qf2 Nc6 24. Qg3 {[%emt 0:03:52][%csl Ge5][%cal Rg3g7] [#]} Nxe5 25. fxe5 Bxa2 26. Rd4 Rxc3 {[%emt 0:01:43][%mdl 32768] Weighted Error Value: White=0.36/Black=0.02 (flawless) . An unexpected result.} 1/2-1/2

[Event "Krakow Championship-A 2022"]
[Site "Krakow"]
[Date "2022.06.25"]
[Round "1.3"]
[White "Warakomski, Tomasz"]
[Black "Goroshkov, Maksym"]
[Result "1-0"]
[ECO "B07"]
[WhiteElo "2534"]
[BlackElo "2226"]
[Annotator "TA"]
[PlyCount "159"]
[EventDate "2022.06.25"]
[EventType "swiss"]
[EventCountry "POL"]
[SourceTitle "playchess.com"]
[Source "ChessBase"]
[SourceQuality "1"]
[TimeControl "40/5400+30:1800+30"]

1. e4 d6 2. d4 Nf6 3. Nc3 g6 4. Bc4 Bg7 5. Nf3 O-O 6. O-O c6 7. Bb3 Qc7 8. e5 {[%emt 0:07:58] B08: Pirc Defence: Classical System.} dxe5 9. Nxe5 Nbd7 10. Bf4 {[%emt 0:01:03][%cal Oe5g6] Strongly threatening Nxg6! White is slightly better.} Nh5 11. Nxd7 Qxd7 {[%emt 0:00:08] [#]} 12. Be5 $146 ({Predecessor:} 12. Be3 b6 13. Qf3 Bb7 14. Rad1 Rad8 15. Ne4 Qc8 16. Bg5 Qc7 17. Qe3 c5 18. dxc5 {1-0 (50) Laxman,R (2403)-Lalith,B (2593) Sharjah 2017}) 12... Bxe5 13. dxe5 Qc7 14. Re1 Be6 ({Black should play} 14... Ng7 $11) 15. Qd2 (15. Bxe6 $14 fxe6 16. Qg4) 15... Ng7 (15... Rfd8 {keeps more tension.} 16. Qh6 Ng7 17. Ne4 Nf5) 16. Qf4 Rad8 17. Ne4 f6 (17... Qb6 $11) 18. Qg3 Qxe5 19. Bxe6+ Qxe6 20. Nc5 Qd5 21. Qa3 ({Wrong is} 21. Nxb7 $2 Rd7 22. c4 Qh5 $19) 21... b6 22. Nd3 e5 {[%emt 0:01:29] White must now prevent ...Rf7.} ({Of course not} 22... Nf5 23. Nf4 Qd6 24. Ne6 $11) 23. Qxa7 b5 24. Qc5 Ne6 25. Qxd5 Rxd5 26. a4 bxa4 27. Rxa4 Rb8 28. Rc4 c5 29. b3 Ra8 30. Kf1 Kf7 31. Rc3 Ra5 32. Nb2 Ra2 33. Nc4 Nd4 (33... g5 $15) 34. Ne3 $14 Rd7 35. Rxc5 Ne6 36. Rc4 (36. Rc8 {is interesting.} Rd2 37. b4 Nd4 38. Rc1) 36... Rd2 37. Ra4 Rxa4 38. bxa4 {[%emt 0:00:06][%cal Bb3a4,Ba4a5,Ba5a6][%mdl 4128] Endgame KRN-KRN} Nd4 39. Rc1 Ke6 40. Ke1 Re2+ 41. Kf1 Rd2 $1 42. a5 {[%emt 0:00:00] And now Nc4 would win.} Nc6 43. a6 Rd7 44. Rb1 Ra7 45. Rb6 Kd6 46. c4 (46. Ke2 $16) 46... f5 $11 47. Ke2 f4 $2 (47... Kc5 $11 {and Black has nothing to worry.} 48. Rb5+ Kd4) 48. Nd5 $18 {[%emt 0:00:00] Threatens to win with Nb4.} Kc5 {[%emt 0:00:00] Inhibits Nb4.} 49. Kd3 h5 $2 (49... Ra8 {might work better.} 50. Rb5+ Kd6) 50. h4 Ra8 51. Ke4 Ra7 52. Kd3 Ra8 53. f3 Ra7 54. Kc3 Ra8 55. Rb5+ Kd6 {[%emt 0:00:00] [#] Loses the game.} 56. Nb4 $1 ({Much less strong is} 56. Rb6 Kc5 57. Kd3 Ra7 $18) 56... Nxb4 57. Kxb4 Rxa6 {[%emt 0:00:00][%cal Og6g5] KR-KR} 58. Rd5+ Ke6 $2 {[%emt 0:00:00] [#]} (58... Kc7 {was worth a try.} 59. Rxe5 Kd7) 59. Rd2 $1 {[%emt 0:00:05] c5 is the strong threat.} Rb6+ 60. Ka5 Rb1 (60... Rb3 $142 61. c5 Rc3) 61. c5 Rc1 62. Kb6 e4 63. fxe4 Ke5 64. Rd6 Rg1 65. Rxg6 f3 66. Rg5+ Kd4 67. gxf3 Rxg5 68. hxg5 {[%emt 0:00:09] KP-KP. White mates.} h4 69. g6 h3 70. g7 h2 71. g8=Q h1=Q {[%emt 0:00:00] KQ-KQ} 72. Qd5+ Ke3 73. c6 Qh6 74. e5 Ke2 75. e6 Qe3+ 76. Kb7 Qa3 77. c7 Qb4+ 78. Kc6 Qf8 79. Kd7 Qg7+ 80. e7 {[%emt 0:00:06] Weighted Error Value: White=0.22 (precise) /Black=0.26 (precise)} 1-0

[Event "Krakow Championship-A 2022"]
[Site "Krakow"]
[Date "2022.06.25"]
[Round "1.4"]
[White "Marszalek, Maciej"]
[Black "Rozentalis, Eduardas"]
[Result "1/2-1/2"]
[ECO "A40"]
[WhiteElo "2290"]
[BlackElo "2523"]
[Annotator "TA"]
[PlyCount "60"]
[EventDate "2022.06.25"]
[EventType "swiss"]
[EventCountry "POL"]
[SourceTitle "playchess.com"]
[Source "ChessBase"]
[SourceQuality "1"]
[TimeControl "40/5400+30:1800+30"]

1. d4 Nf6 2. c4 e6 3. g3 Bb4+ 4. Bd2 c5 5. Bxb4 cxb4 6. Bg2 O-O 7. Nf3 d6 8. O-O a5 9. a3 Na6 10. axb4 {[%emt 0:01:52] 10.Qd3 gains popularity. E11: Bogo-Indian.} Nxb4 11. Nc3 Qc7 12. b3 {[%emt 0:08:15] White has an edge.} Bd7 {[%emt 0:01:15] [#]} 13. Qb1 $146 ({Predecessor:} 13. Qd2 Bc6 14. Ne1 e5 15. e3 Qb6 16. Na4 Qa7 17. Nc3 Rfe8 18. d5 Bd7 19. Na2 Nxa2 20. Rxa2 {0-1 (75) Motuz,K (2344)-Gazik,V (2541) Bojnice 2020}) 13... e5 14. Rc1 Rfe8 15. dxe5 dxe5 16. Ng5 h6 17. Nge4 Nxe4 18. Bxe4 Bc6 19. Rd1 Red8 20. Rxd8+ Rxd8 21. Bxc6 bxc6 22. Qb2 f5 23. Qa3 Ra8 {[%emt 0:00:45] [#] Threatens to win with ...Nc2.} 24. Rd1 e4 25. Qc1 Rd8 26. Rd2 Kh7 27. Rxd8 Qxd8 28. Qf4 Qf6 29. Qd2 Qe5 (29... Qg5 $5 30. Qd1 Qf6 $11) 30. Na4 Na6 {[%emt 0:12:11] Weighted Error Value: White=0.08 (flawless) /Black=0.07 (flawless)} (30... g5 $11) 1/2-1/2

[Event "Krakow Championship-A 2022"]
[Site "Krakow"]
[Date "2022.06.25"]
[Round "1.5"]
[White "Zwardon, Vojtech"]
[Black "Paszewski, Mateusz"]
[Result "0-1"]
[ECO "A13"]
[WhiteElo "2482"]
[BlackElo "2286"]
[Annotator "TA"]
[PlyCount "84"]
[EventDate "2022.06.25"]
[EventType "swiss"]
[EventCountry "POL"]
[SourceTitle "playchess.com"]
[Source "ChessBase"]
[SourceQuality "1"]
[TimeControl "40/5400+30:1800+30"]

1. c4 e6 2. Nf3 d5 3. e3 Nf6 4. Nc3 c6 5. b3 Bd6 6. Bb2 O-O 7. Qc2 {[%emt 0:00:07] A11: English Opening: 1...c6.} e5 $1 {[%emt 0:00:06] 7...e5 scores better than 7...Nbd7.} 8. cxd5 cxd5 9. Nb5 {[%emt 0:00:41] The position is equal.} Nc6 10. Nxd6 Qxd6 11. Rc1 Bg4 12. Qc5 Qe6 13. Qb5 (13. Be2 $11 {remains equal.}) 13... Rab8 14. Be2 {[%emt 0:02:01] [#]} Rfc8 $146 (14... a6 $15 15. Qa4 e4) ({Predecessor:} 14... a6 15. Qa4 d4 16. O-O Rfd8 17. exd4 Bxf3 18. Bxf3 Nxd4 19. Bd1 Nc6 20. Bc3 Nd5 {½-½ (41) Bocharov,D (2602)-Artemiev,V (2570) Khanty-Mansiysk 2013}) 15. h3 Bh5 16. O-O Qd6 (16... e4 $15 17. Ng5 Bxe2 18. Qxe2 Qf5) 17. Qa4 Ne4 (17... d4 $11) 18. g4 Bg6 19. d3 $36 {[%emt 0:03:19][%cal Bd2d3,Bd3d4][%mdl 2080] White has some pressure.} Nf6 20. d4 e4 21. Ne5 Nd7 (21... h5 $11 {keeps the balance.}) 22. Nxc6 $16 bxc6 23. Rc2 {[%emt 0:00:45] Black must now prevent Ba3.} (23. Qxa7 Ra8 24. Qb7 Rab8 $11) 23... h5 24. Rfc1 (24. gxh5 Bf5 $11) (24. Qxa7 $6 Ra8 25. Qb7 Rab8 $11) 24... Rb6 25. Qxa7 hxg4 26. Bxg4 (26. hxg4 Qe6 27. Ba3 Kh7) (26. Ba3 $16 Qe6 27. hxg4) 26... f5 $11 27. Be2 Be8 28. Ba3 Qh6 29. Ba6 c5 30. Bxc8 {[%emt 0:01:14] A strong pair of Bishops.} Qxh3 {[%emt 0:00:07][%cal Rb6g6] [#]} 31. Qxb6 Nxb6 32. Be6+ (32. Rxc5 $2 Bh5 33. Be6+ Kh7 $19) 32... Bf7 33. Bxf7+ ({Don't blunder} 33. Bxc5 $2 Bxe6 34. Bd6 (34. Bxb6 $2 f4 $19) 34... Qg4+ 35. Kf1 g5 $19) 33... Kxf7 34. Bxc5 f4 35. exf4 (35. Bxb6 {is a self mate.} f3 36. Rc7+ Kg8) 35... Qg4+ 36. Kf1 Qh3+ 37. Ke1 Nd7 38. Bd6 Qh1+ 39. Kd2 Qf3 40. Rc7 {[%emt 0:01:23] And now R1c6 would win.} (40. Rd1 $5 ) 40... Qxf2+ 41. Kc3 {[%emt 0:31:18] [#] Threatens to win with Rc2.} Ke6 {[%emt 0:31:16] The board is on fire.} 42. Kb4 $2 Kxd6 {[%emt 0:00:00] Weighted Error Value: White=0.24 (precise) /Black=0.12 (very precise)} 0-1

[Event "Krakow Championship-A 2022"]
[Site "Krakow"]
[Date "2022.06.25"]
[Round "1.6"]
[White "Kvaloy, Aksel Bu"]
[Black "Leniart, Arkadiusz"]
[Result "0-1"]
[ECO "C88"]
[WhiteElo "2296"]
[BlackElo "2473"]
[Annotator "TA"]
[PlyCount "92"]
[EventDate "2022.06.25"]
[EventType "swiss"]
[EventCountry "POL"]
[SourceTitle "playchess.com"]
[Source "ChessBase"]
[SourceQuality "1"]
[TimeControl "40/5400+30:1800+30"]

1. e4 e5 2. Nf3 Nc6 3. Bb5 a6 4. Ba4 Nf6 5. O-O Be7 6. Re1 b5 7. Bb3 O-O 8. a4 Bb7 9. d3 d6 10. Nbd2 Na5 {[%emt 0:02:16] 10...Nd7 is more advanced technology.} 11. Ba2 c5 12. Nf1 Qc7 {[%emt 0:09:44] C88: Closed Ruy Lopez: Anti-Marshall Systems.} 13. Ne3 g6 {[%emt 0:00:48] [#]} 14. Nf1 $146 ({Predecessor:} 14. h3 Rad8 15. Bd2 Nc6 16. Nd5 Nxd5 17. Bxd5 Bf6 18. Nh2 Kh8 19. Ng4 Bg7 20. Ne3 {1-0 (36) Travkina,A (2213)-Gevorgyan,D (2395) Taganrog 2015}) 14... Kg7 {[%emt 0:06:52] White is slightly better.} 15. Bd2 h6 16. Qc1 (16. b4 $5 Nc6 17. bxc5 $11) 16... Rh8 17. Ne3 Nc6 18. c3 Nd8 19. Nh4 (19. Nd5 $11 Nxd5 20. Bxd5) 19... Ne6 $1 $15 20. Nef5+ gxf5 21. Bxh6+ Kg8 {[%emt 0:08:30][%cal Bg7g8,Bg8f8,Bf8e7][%mdl 32] [#] Hoping for ...f4.} 22. Nxf5 {[%emt 0:08:14] Strongly threatening Bxe6.} (22. Bxe6 $2 f4 23. Bxf4 exf4 $19) 22... Ng4 ({Resist} 22... bxa4 23. Re3 (23. Bxe6 fxe6 24. Qg5+ Kf7 $16) 23... Rh7 24. Rg3+ Kh8 25. Bxe6 $18) 23. Re3 $2 Nxh6 ({Worse is} 23... Rxh6 24. Rg3 Rg6 25. Bxe6 fxe6 26. Rxg4 Rxg4 27. Nh6+ Kg7 28. Nxg4) 24. Rg3+ Kf8 25. Bxe6 Nxf5 ({Weaker is} 25... fxe6 26. Nxh6 c4 27. Qe3) 26. Bxf5 Bf6 27. c4 (27. axb5 $142 axb5 28. Rxa8+ Bxa8 29. Rf3) 27... bxa4 28. Rxa4 Bc6 29. Ra3 Ke7 30. Qa1 Rhb8 31. Re3 Rb4 32. Re1 Qb6 33. Rb1 a5 34. Bg4 a4 35. Bd1 Rb8 36. Bxa4 Rxb2 $2 {[%emt 0:01:22] [#]} ({Black should try} 36... Bxa4 $19 37. Rxa4 Rxb2 38. Rxb2 Qxb2 39. Ra7+ Ke6) 37. Rxb2 $4 (37. Rb3 $1 $11 Rxb3 38. Rxb3 Qxb3 39. Bxb3 Rxb3 40. Qd1) 37... Qxb2 $19 38. Qxb2 Rxb2 39. Kf1 Bxa4 40. Rxa4 {[%emt 0:00:05][%mdl 4096] Endgame KRB-KR} Bg5 41. g3 (41. Ra7+ {was called for.} Ke6 42. Ra8) 41... Bd2 42. Ra3 (42. h4 $142) 42... Bb4 43. Ra7+ Ke6 {[%emt 0:00:24] And now ...Bc3 would win.} 44. Kg1 $2 (44. h4) 44... Bc3 {[%emt 0:02:39] Black is clearly winning.} 45. Ra1 Rd2 46. Ra3 Bd4 {[%emt 0:00:07] Weighted Error Value: White=0.48/Black=0.24 (precise)} 0-1

[Event "Krakow Championship-A 2022"]
[Site "Krakow"]
[Date "2022.06.25"]
[Round "1.7"]
[White "Kozak, Antoni"]
[Black "Szustakowski, Antoni"]
[Result "1/2-1/2"]
[ECO "A06"]
[WhiteElo "2459"]
[BlackElo "2265"]
[Annotator "TA"]
[PlyCount "118"]
[EventDate "2022.06.25"]
[EventType "swiss"]
[EventCountry "POL"]
[SourceTitle "playchess.com"]
[Source "ChessBase"]
[SourceQuality "1"]
[TimeControl "40/5400+30:1800+30"]

1. Nf3 d5 2. e3 Nf6 3. c4 e6 4. b3 Be7 5. Bb2 O-O 6. Nc3 c5 7. cxd5 exd5 8. d4 Nc6 9. Be2 cxd4 10. Nxd4 Bc5 11. Nxc6 bxc6 12. O-O Bd6 {[%emt 0:03:21] A13: English Opening: 1...e6.} 13. Rc1 Bd7 14. Bf3 Re8 {[%emt 0:02:33] White has an edge.} 15. Re1 {[%emt 0:01:56] [#]} Bf5 $146 ({Predecessor:} 15... Qe7 16. Na4 Ne4 17. g3 Ng5 18. Bg2 Rac8 19. Qd4 f6 20. Qxa7 Ne4 21. Qd4 Be5 {0-1 (61) Reinderman,D (2575)-Schoppen,C (2508) Amstelveen 2019}) 16. Ne2 {[%emt 0:11:50] And now Nd4 would win.} Rc8 17. Ng3 Bg6 18. Qd4 Qa5 19. Qd1 Qxa2 20. Bd4 Be5 21. Re2 Qa6 22. Ra1 Qb5 (22... Qb7 $5 ) 23. Bxe5 $1 Rxe5 24. Rxa7 Rb8 25. Rb2 c5 26. Ne2 Qb6 27. Qa1 Ree8 28. h4 Be4 29. Bxe4 Nxe4 30. Nf4 d4 (30... Red8 $17) 31. exd4 $1 $11 {[%emt 0:01:27] The position is equal.} cxd4 32. Re2 Nc3 33. Rxe8+ Rxe8 34. Re7 {[%emt 0:02:57][%cal Re7e8] [#]} Qd8 35. Rxe8+ Qxe8 {[%emt 0:00:05][%mdl 4096] Endgame KQN-KQN} 36. Qa7 Qd8 37. g3 h6 {[%emt 0:01:06] [#] Strongly threatening ...d3.} 38. Nd3 Qd5 39. b4 Qb5 40. Qa8+ Kh7 41. Qf3 Kg8 42. h5 Kf8 43. g4 Ke7 44. Kf1 Qa6 45. Qf5 Qb5 46. Qxb5 Nxb5 {[%emt 0:00:00] KN-KN} 47. Nc5 Kd6 48. Ke2 Kd5 49. Kd3 Nc3 50. Nb3 Na2 51. Nxd4 {[%emt 0:00:00] Hoping for Nc2.} Nxb4+ 52. Ke3 Ke5 53. f4+ Kf6 54. Ke4 g6 55. hxg6 fxg6 56. f5 gxf5+ 57. Nxf5 Kg5 58. Nxh6 Kxh6 59. g5+ Kxg5 {Weighted Error Value: White=0.05 (flawless) /Black=0.05 (flawless)} 1/2-1/2

[Event "Krakow Championship-A 2022"]
[Site "Krakow"]
[Date "2022.06.25"]
[Round "1.8"]
[White "Sieber, Fiona"]
[Black "Klimkowski, Jan"]
[Result "0-1"]
[ECO "B90"]
[WhiteElo "2264"]
[BlackElo "2401"]
[Annotator "TA"]
[PlyCount "82"]
[EventDate "2022.06.25"]
[EventType "swiss"]
[EventCountry "POL"]
[SourceTitle "playchess.com"]
[Source "ChessBase"]
[SourceQuality "1"]
[TimeControl "40/5400+30:1800+30"]

1. e4 c5 2. Nf3 d6 3. d4 cxd4 4. Nxd4 Nf6 5. Nc3 a6 6. Be3 e5 7. Nf3 Qc7 8. a4 Be6 9. Be2 Be7 10. O-O O-O 11. h3 h6 12. a5 {[%emt 0:11:41] B90: Sicilian Najdorf: Unusual White 6th moves, 6 Be3 Ng4 and 6 Be3 e5.} Nbd7 13. Nd5 Nxd5 14. exd5 {[%emt 0:00:02] The position is equal.} Bf5 15. c4 Bh7 16. b4 f5 {[%emt 0:06:37] [#]} 17. Qb3 $146 ({Predecessor:} 17. Bc1 f4 18. Bb2 Bf6 19. Nd2 e4 20. Bxf6 Rxf6 21. Bg4 Ne5 22. Be6+ Kh8 23. Rc1 {0-1 (33) Krzywda,A (2152)-Das,S (2431) Chess.com INT 2020}) 17... Bf6 {[%emt 0:06:09] Hoping for ...f4.} 18. c5 $2 (18. Rad1 $11) 18... f4 $19 19. cxd6 Qd8 20. Bc5 e4 $1 21. Nh2 Bxa1 22. Rxa1 Qg5 23. Rd1 (23. Bd4 $17) 23... Rac8 ({Not} 23... f3 24. Bf1 $17) 24. Bd4 f3 (24... Bf5 $19 {And now ...f3 would win.} 25. Kh1 Qg6) 25. Bf1 $17 fxg2 $40 {[%emt 0:03:07][%mdl 128] White is in trouble. The board is on fire.} 26. Bxg2 Rc1 27. Ng4 {[%emt 0:06:06] [#]} (27. Rxc1 $17 Qxc1+ 28. Nf1) 27... Rxd1+ $1 $19 28. Qxd1 {[%emt 0:00:01] [#]} Bf5 $1 {[%emt 0:02:21] ...h5 is the strong threat.} ({And not} 28... Qxd5 29. Nxh6+ gxh6 30. Qg4+ Qg5 31. Qxd7 $11) 29. Be3 (29. Qe2 $142) 29... Qg6 {[%emt 0:00:35] White must now prevent ...h5.} 30. Kh1 Qxd6 31. Qd4 Qg6 32. Ne5 $2 (32. d6 {keeps fighting.}) 32... Qh5 {[%emt 0:01:58] Black is clearly winning.} 33. Nxd7 Bxd7 34. Kh2 {[%emt 0:00:18] [#]} Bxh3 $1 35. Bxh3 Rf3 36. Qxe4 Rxh3+ {[%emt 0:02:34] KQR-KQB} 37. Kg2 {[%emt 0:00:01] aiming for Qe6+.} Rh2+ 38. Kg1 Rh4 39. Qe6+ Kh7 {[%emt 0:00:49] ( -> ...Qf3)} 40. Kg2 {[%emt 0:03:09] Against Qf3+} Rg4+ 41. Kf1 Rg6 {[%emt 0:30:05] Weighted Error Value: White=0.80/Black=0.08 (flawless)} 0-1

[Event "Krakow Championship-A 2022"]
[Site "Krakow"]
[Date "2022.06.25"]
[Round "1.9"]
[White "Nguyen, Piotr"]
[Black "Jacobsen, Mikkel Manosri"]
[Result "1-0"]
[ECO "A37"]
[WhiteElo "2402"]
[BlackElo "2251"]
[Annotator "TA"]
[PlyCount "73"]
[EventDate "2022.06.25"]
[EventType "swiss"]
[EventCountry "POL"]
[SourceTitle "playchess.com"]
[Source "ChessBase"]
[SourceQuality "1"]
[TimeControl "40/5400+30:1800+30"]

1. c4 c5 2. g3 g6 3. Bg2 Bg7 4. Nf3 Nc6 5. Nc3 e6 6. d3 Nge7 7. h4 h6 {[%emt 0:00:56] A37: Symmetrical English vs ...g6: 4 Bg2 Bg7 5 Nf3.} 8. Bd2 b6 9. a3 Bb7 {[%emt 0:02:30] The position is equal.} 10. O-O O-O 11. Qc1 Kh7 12. Rb1 d5 13. b4 {[%emt 0:00:32] White wants to play bxc5.} cxb4 (13... Nd4 $5 ) 14. axb4 dxc4 15. dxc4 Nf5 (15... Nd4 $1 $11 {keeps the balance.}) 16. c5 $1 $16 bxc5 17. bxc5 Rb8 18. Bf4 e5 {[%emt 0:05:11] [#]} 19. Nxe5 Bxe5 20. Bxe5 Nxe5 21. Bxb7 (21. Rxb7 Rxb7 22. Bxb7 Qc7 $16) 21... Qd4 {[%emt 0:02:13] [#]} 22. Nb5 $1 Qg4 23. Bg2 {[%emt 0:02:51] Threatens to win with Qc3.} (23. Nxa7 $6 Nxg3 24. fxg3 Rxb7 25. Rxb7 Qxg3+ 26. Kh1 Qh3+ 27. Kg1 Qg3+ 28. Kh1 Qh3+ 29. Kg1 Qg3+ $11) 23... Qxe2 {[%emt 0:22:14] [#]} 24. Qc3 $146 ({Predecessor:} 24. Nxa7 Rxb1 25. Qxb1 Nf3+ 26. Bxf3 Qxf3 27. Qd1 Qa3 28. Qa1 Qxc5 29. Rc1 Qd5 30. Nc6 {0-1 (40) Neef,M (2504)-Lokander,M (2475) Germany 2022}) 24... Rxb5 25. Rxb5 Qxb5 26. Qxe5 Re8 {[%emt 0:01:28] [#]} (26... Qd7 $16 27. c6 Qd4 28. Qxd4 Nxd4) 27. Qd5 ({White should play} 27. Qc3 $1 $18) 27... Re7 28. h5 Qb4 (28... a5 $16 29. Rd1 a4) 29. c6 {[%emt 0:06:25] Rd1 is the strong threat.} Kg7 (29... Qd6 {keeps fighting.} 30. hxg6+ fxg6 31. Qxd6 Nxd6) 30. Rc1 Qb2 31. Qc5 {[%emt 0:03:58] And now c7 would win.} Nd4 $2 (31... Re5 {was called for.} 32. Qc3 Qxc3 33. Rxc3 Ne7 34. hxg6 Re1+ 35. Bf1 fxg6) 32. Kh2 (32. c7 Ne2+ 33. Kh2 Rxc7 34. Qxc7 Nxc1 $16) (32. Rd1 $142 Nxc6 33. Qxc6) 32... Re8 (32... Nxc6 $142 33. Qxc6 (33. Bxc6 Re5 $18) 33... Qxf2) 33. c7 ({Avoid the trap} 33. Qxa7 $2 Qxf2 34. Rf1 Nf3+ 35. Kh1 Qxa7 $19) (33. hxg6 $18 Kxg6 34. c7) 33... Qxf2 34. c8=Q (34. Kh3 $142 Re2 35. Qd5 (35. c8=Q $2 {is a self mate.} Qxg2+ 36. Kh4 Re4+ 37. g4 Qh2#)) 34... Nf3+ $2 (34... Rxc8 $16 35. Qxc8 (35. Qe5+ Kh7 $14) 35... Ne2) 35. Kh3 {[%emt 0:00:16] White mates.} Ng5+ {[%emt 0:00:09] [#]} 36. Qxg5 $3 Re2 (36... Rxc8 37. Qe5+) 37. Qc3+ {[%emt 0:00:17] Weighted Error Value: White=0.26 (precise) /Black=0.49} 1-0